 Dungeon Crawl Stone Soup version 0.21-a0-404-g291f19a (webtiles) character file.

3016 Coron the Protected (level 9, -14/82 HPs)
             Began as a Deep Dwarf Gladiator on Oct 28, 2017.
             Was a Priest of Makhleb.
             Demolished by an orc warrior
             ... wielding a cursed -2 flail
              (17 damage)
             ... on level 7 of the Dungeon.
             The game lasted 00:17:18 (5435 turns).

Coron the Protected (Deep Dwarf Gladiator)          Turns: 5435, Time: 00:17:19

Health: -14/82     AC: 10    Str: 18    XL:     9   Next: 55%
Magic:  7/7        EV:  9    Int: 16    God:    Makhleb [***...]
Gold:   437        SH:  0    Dex: 18    Spells: 8/8 levels left

rFire    . . .     SeeInvis +   a - +0 war axe
rCold    . . .     Gourm    .   (no shield)
rNeg     . . .     Faith    .   O - +1 chain mail of Hepliaklqana's Reproof {Int+6 Dex+4}
rPois    +         Spirit   .   E - +0 helmet {SInv}
rElec    .         Reflect  .   (no cloak)
rCorr    .         Harm     .   (no gloves)
MR       +....                  (no boots)
Stlth    ..........             (no amulet)
HPRegen  0.00/turn              G - ring of wizardry
MPRegen  0.10/turn              L - ring of poison resistance

@: very slightly contaminated, non-regenerating, drained, invisible
A: damage resistance, heal wounds, deformed body, sense surroundings 2, weak 1,
subdued magic 1, no regeneration
a: Heal Wounds, Minor Destruction, Lesser Servant of Makhleb, Renounce Religion


You were on level 7 of the Dungeon.
You worshipped Makhleb.
Makhleb was most pleased with you.
You were not hungry.

You visited 1 branch of the dungeon, and saw 7 of its levels.

You collected 437 gold pieces.

Inventory:

Hand Weapons
 a - a +0 war axe (weapon)
 F - the +3 quarterstaff of the End of Times {crush, +Inv rN+ Dex-3}
   (You took it off an orc on level 4 of the Dungeon)

   It inflicts extra damage upon your enemies.
   It affects your dexterity (-3).
   It protects you from negative energy.
   It lets you turn invisible.
Missiles
 d - 2 throwing nets (quivered)
 D - 2 tomahawks of returning
Armour
 i - a +0 plate armour
 y - a +1 helmet
 C - a +0 chain mail
 E - a +0 helmet of see invisible (worn)
 O - the +1 chain mail of Hepliaklqana's Reproof (worn) {Int+6 Dex+4}
   (You found it on level 6 of the Dungeon)

   It affects your intelligence (+6).
   It affects your dexterity (+4).
Jewellery
 G - a ring of wizardry (left hand)
 L - a ring of poison resistance (right hand)
Wands
 I - a wand of flame (24/48)
 J - a wand of digging (12/24)
Scrolls
 c - 2 scrolls of fog
 e - a scroll of magic mapping
 k - a scroll of immolation {unknown}
 p - 2 scrolls of identify
 q - 4 scrolls of fear
 r - a scroll of enchant armour {unknown}
 t - a scroll of remove curse
 u - 3 scrolls of teleportation
 w - a scroll of enchant weapon {unknown}
 H - a scroll of recharging {unknown}
 K - a scroll of amnesia
 M - a scroll of silence {unknown}
Potions
 b - 2 potions of flight
 j - 6 potions of curing
 l - a potion of agility
 m - a potion of lignification {unknown}
 n - a potion of resistance
 s - a potion of mutation {unknown}
 v - 2 potions of ambrosia
 x - a potion of heal wounds
 z - a potion of invisibility
 B - a potion of brilliance {unknown}
Books
 A - a book of Misfortune

   Spells                             Type                      Level
   a - Confusing Touch                Hexes                        1
   b - Confuse                        Hexes                        3
   c - Gell's Gravitas                Translocation                3
   d - Petrify                        Transmutation/Earth          4
   e - Metabolic Englaciation         Hexes/Ice                    5
   f - Yara's Violent Unravelling     Hexes/Transmutation          5
 N - a book of Debilitation

   Spells                             Type                      Level
   a - Corona                         Hexes                        1
   b - Slow                           Hexes                        2
   c - Inner Flame                    Hexes/Fire                   3
   d - Portal Projectile              Hexes/Translocation          3
   e - Cause Fear                     Hexes                        4
   f - Leda's Liquefaction            Hexes/Earth                  4
Comestibles
 f - 7 bread rations
 g - 7 meat rations
 h - 7 fruits
 o - 5 royal jellies
 P - 9 chunks of flesh


   Skills:
 + Level 5.8(5.7) Fighting
 - Level 8.4(8.3) Axes
 - Level 1.7(1.6) Throwing
 + Level 10.3(10.2) Armour
 - Level 3.3(3.2) Dodging


You had 8 spell levels left.
You didn't know any spells.

Dungeon Overview and Level Annotations

Branches:
Dungeon (7/15)             Temple (0/1) D:4

Altars:
Ashenzari
Cheibriados
Makhleb
Ru
Sif Muna
Trog
Uskayaw
Wu Jian
Zin
The Shining One

Shops:
D:5 =


Innate Abilities, Weirdness & Mutations

You are resistant to damage.
You can heal yourself by infusing magical energy.
You passively map the area around you.
You do not regenerate.
Armour fits poorly on your strangely shaped body.
You are weak. (Str -2)
Your spells are a little easier to cast, but a little less powerful.


Message History

The wight is severely damaged.
The wight hits you with a long sword. The orc warrior hits you with a flail.
* * * LOW HITPOINT WARNING * * *
You closely miss the orc warrior.
The orc warrior is almost dead.
You hit the wight but do no damage. The wight barely misses you.
The orc warrior barely misses you.
A wight comes into view. It is wielding a dagger.
You catch the helpless orc warrior completely off-guard!
You hit the orc warrior but do no damage.
The orc warrior is almost dead.
You hit the wight. The wight closely misses you.
You catch the helpless wight completely off-guard!
You slash the wight!
You destroy the wight!
Makhleb accepts your kill.
You closely miss the orc warrior.
The orc warrior is almost dead.
The orc warrior hits you with a flail!!
You die...

#......., ,, ..o...'
#.....###. , , , ,
.....# .......... ,
*,* * , #...# ,
....#.... * #z..# ,
.## #.### *, , >
#...###+######.### ,
, #...............#.
, , ,,
#...............#. ,
, #o).##..........#.
*
*###@).##..........#.
,
#..)).##....##.####.
* *
#.....##....##.#####
#.....#.............
#....)#.............
#.....'.............
##.....#.............
#......##............
#########>..##.####..


You could see an orc warrior and a wight.

Vanquished Creatures
  A hippogriff (D:7)
  Grinder (D:3)
  Sigmund (D:3)
  Eustachio (D:6)
  Duvessa (D:6)
  3 sky beasts (D:6)
  A necrophage (D:6)
  A black bear (D:4)
  2 ogres
  3 centaurs
  A bullfrog (D:6)
  Dowan (D:6)
  7 wights
  4 howler monkeys
  A hound (D:6)
  A centaur zombie (D:5)
  3 orc priests
  A centaur skeleton (D:4)
  5 orc wizards
  A bullfrog skeleton (D:4)
  2 iguanas
  Terence (D:3)
  5 worker ants
  3 hound skeletons
  Robin (D:2)
  11 adders
  A shadow imp (D:5)
  An ooze (D:4)
  2 worms
  A dart slug (D:3)
  5 leopard geckos
  26 orcs
  11 giant cockroaches
  16 goblins
  12 hobgoblins
  14 jackals
  2 quokkas
  11 bats
  7 frilled lizards
  2 kobolds
  2 leopard gecko skeletons
  4 rats
180 creatures vanquished.

Vanquished Creatures (others)
  A jackal zombie (D:7)
  A plant (D:3)
2 creatures vanquished.

Grand Total: 182 creatures vanquished

Notes
Turn   | Place    | Note
-------+----------+-------------------------------------------
     0 | D:1      | Coron the Deep Dwarf Gladiator began the quest for the Orb.
     0 | D:1      | Reached XP level 1. HP: 19/19 MP: 1/1
   208 | D:1      | Reached skill level 1 in Armour
   208 | D:1      | Reached XP level 2. HP: 26/26 MP: 2/2
   486 | D:2      | Found a sacrificial altar of Ru.
   493 | D:2      | Reached skill level 2 in Armour
   493 | D:2      | Reached XP level 3. HP: 25/32 MP: 3/3
   587 | D:2      | Noticed Robin
   598 | D:2      | Killed Robin
   598 | D:2      | Reached skill level 3 in Armour
   598 | D:2      | Reached XP level 4. HP: 25/39 MP: 4/4
  1344 | D:2      | Found a burning altar of Makhleb.
  1354 | D:2      | Became a worshipper of Makhleb the Destroyer
  1554 | D:3      | Noticed Terence
  1568 | D:3      | Killed Terence
  1568 | D:3      | Reached XP level 5. HP: 45/45 MP: 5/5
  1586 | D:3      | Reached skill level 4 in Armour
  1588 | D:3      | Reached skill level 5 in Axes
  1651 | D:3      | Noticed Grinder
  1663 | D:3      | Killed Grinder
  1663 | D:3      | Reached skill level 5 in Armour
  1663 | D:3      | Reached XP level 6. HP: 52/52 MP: 6/6
  2013 | D:3      | Noticed Sigmund
  2024 | D:3      | Killed Sigmund
  2024 | D:3      | Reached XP level 7. HP: 39/60 MP: 7/7
  2146 | D:3      | Reached * piety under Makhleb
  2475 | D:4      | Found a staircase to the Ecumenical Temple.
  2486 | D:4      | Reached skill level 6 in Armour
  2680 | D:4      | HP: 2/60 [iguana (7)]
  2695 | D:4      | Got a steaming quarterstaff {crush}
  2696 | D:4      | Identified the cursed +3 quarterstaff of the End of Times {crush, +Inv rN+ Dex-3} (You took it off an orc on level 4 of the Dungeon)
  2995 | D:4      | Reached ** piety under Makhleb
  3026 | D:4      | Reached skill level 7 in Armour
  3026 | D:4      | Reached XP level 8. HP: 67/67 MP: 7/7
  3151 | D:4      | Found an ornate altar of the Wu Jian Council.
  3350 | D:5      | Entered Level 5 of the Dungeon
  3350 | D:5      | Found a hide-covered altar of Uskayaw.
  3601 | D:5      | Found Daublyv's Jewellery Shoppe.
  3627 | D:5      | Found a glowing silver altar of Zin.
  3846 | D:5      | Reached skill level 8 in Armour
  4221 | D:6      | Noticed Eustachio
  4229 | D:6      | Killed Eustachio
  4289 | D:6      | Noticed Dowan
  4290 | D:6      | Noticed Duvessa
  4310 | D:6      | Killed Dowan
  4312 | D:6      | Killed Duvessa
  4332 | D:6      | Reached skill level 9 in Armour
  4395 | D:6      | Found a deep blue altar of Sif Muna.
  4408 | D:6      | Gained mutation: You passively map the area around you. [Deep Dwarf growth]
  4408 | D:6      | Reached XP level 9. HP: 36/78 MP: 8/8
  4651 | D:6      | Gained mutation: You are weak. (Str -2) [mutagenic meat]
  4652 | D:6      | Gained mutation: Armour fits poorly on your strangely shaped body. [mutagenic meat]
  4653 | D:6      | Gained mutation: Your mind is acute. (Int +2) [mutagenic meat]
  4654 | D:6      | Lost mutation: Your mind is acute. (Int +2) [mutagenic meat]
  4655 | D:6      | Gained mutation: Your spells are a little easier to cast, but a little less powerful. [mutagenic meat]
  4812 | D:6      | Reached skill level 5 in Fighting
  4823 | D:6      | Reached *** piety under Makhleb
  4961 | D:6      | Got a scorched chain mail
  4972 | D:6      | Identified the cursed +1 chain mail of Hepliaklqana's Reproof {Int+6 Dex+4} (You found it on level 6 of the Dungeon)
  5159 | D:7      | Found a snail-covered altar of Cheibriados.
  5236 | D:7      | Found a shattered altar of Ashenzari.
  5300 | D:7      | Reached skill level 10 in Armour
  5330 | D:7      | Found a glowing golden altar of the Shining One.
  5333 | D:7      | Found a bloodstained altar of Trog.
  5415 | D:7      | HP: 4/82 [orc warrior/flail (14)]
  5431 | D:7      | HP: 3/82 [orc warrior/flail (3)]
  5435 | D:7      | Demolished by an orc warrior

Vault maps used:
D:1:      lightli_arrival_lavapool
D:2:      nicolae_ru_great_annihilating_truth, nicolae_overflow_hidden_temple,
          bloody_makhleb, uniq_robin
D:3:      first_bread, saegor_snake_ambush, uniq_sigmund, uniq_terence,
          uniq_grinder
D:4:      black_bear_nest_1, lemuel_coloured_pillars_altar,
          minmay_temple_entry_fiery, kennysheep_generic_room_16
D:5:      zin_treasury, eat_drink_and_be_merry_uskayaw, serial_shops,
          nicolae_shop_statue_plus, kennysheep_boxes
D:6:      nicolae_overflow_crystal_walls, uniq_duvessa, uniq_eustachio
D:7:      tso_metal_star, cheibrodos_ashenzari_chains, grunt_qazlal_clouds,
          cheibrodos_worm_habitat, basic_altar

Skill      XL: |  1  2  3  4  5  6  7  8  9 |
---------------+----------------------------+-----
Fighting       | 2 4 5 |  5.8
Armour         | 1 2 3 5 7 9 10 | 10.3
Axes           | 4 5 6 7 8 |  8.4
Throwing       | |  1.7
Dodging        | |  3.3

Action                   |  1- 3 |  4- 6 |  7- 9 || total
-------------------------+-------+-------+-------++-------
Melee: War axe           |    57 |   154 |   441 ||   652
Throw: Throwing net      |       |       |     1 ||     1
 Abil: Heal Wounds       |       |     1 |    10 ||    11
  Use: Potion            |       |     4 |     6 ||    10
       Scroll            |       |     2 |    10 ||    12
 Stab: Invisible         |       |       |    11 ||    11
       Held in net/web   |       |       |     1 ||     1
  Eat: Chunk             |       |     4 |    17 ||    21
Armor: Leather armour    |    17 |    35 |       ||    52
       Ring mail         |       |    24 |       ||    24
       Chain mail        |       |       |   160 ||   160
       Plate armour      |       |       |   116 ||   116
Dodge: Dodged            |    42 |   119 |   228 ||   389

Table legend:
 A = Spawn XP
 B = Non-spawn XP
 C = Spawn XP percentage of total XP
 D = Spawn monster count
 E = Non-spawn monster count
 F = Spawn count percentage of total count
 G = Total turns spent on level
                    A         B        C        D         E        F      G
               +---------+---------+-------+---------+---------+-------+---------
         Total |       0 |    4309 |   0.0 |       0 |     180 |   0.0 |  5435
               +---------+---------+-------+---------+---------+-------+---------
           D:1 |       0 |      21 |   0.0 |       0 |      14 |   0.0 |   466
           D:2 |       0 |     145 |   0.0 |       0 |      44 |   0.0 |   945
           D:3 |       0 |     625 |   0.0 |       0 |      28 |   0.0 |  1045
           D:4 |       0 |     657 |   0.0 |       0 |      29 |   0.0 |   894
           D:5 |       0 |     569 |   0.0 |       0 |      18 |   0.0 |   820
           D:6 |       0 |    1615 |   0.0 |       0 |      32 |   0.0 |   929
           D:7 |       0 |     677 |   0.0 |       0 |      15 |   0.0 |   336
               +---------+---------+-------+---------+---------+-------+---------
